 Dungeon Crawl Stone Soup version 0.21-a0-278-ga722497 (console) character file.

118 yesno the Insei (level 4, -1/34 HPs)
             Began as a Vampire Abyssal Knight on Sept 23, 2017.
             Was a Believer of Lugonu.
             Slain by an orc
             ... wielding a +0 whip
              (5 damage)
             ... on level 2 of the Dungeon.
             The game lasted 00:17:27 (2082 turns).

yesno the Insei (Vampire Abyssal Knight)            Turns: 2082, Time: 00:17:27

Health: -1/34      AC:  5    Str: 11    XL:     4   Next: 72%
Magic:  5/5        EV: 12    Int: 14    God:    Lugonu [**....]
Gold:   63         SH:  0    Dex: 14    Spells: 3/3 levels left

rFire    . . .     SeeInvis +   a - +1 dagger (venom)
rCold    . . .     Gourm    .   (no shield)
rNeg     + . .     Faith    +   q - +2 leather armour
rPois    .         Spirit   .   (no helmet)
rElec    .         Reflect  .   (no cloak)
rCorr    .         Harm     .   (no gloves)
MR       .....                  (no boots)
Stlth    ++........             c - amulet of faith
HPRegen  0.11/turn              (no ring)
MPRegen  0.09/turn              (no ring)

@: no status effects
A: fangs 3, see invisible, unbreathing
a: Bat Form, Depart the Abyss, Bend Space, Renounce Religion


You were on level 2 of the Dungeon.
You worshipped Lugonu.
Lugonu was pleased with you.
You were not thirsty.

You visited 1 branch of the dungeon, and saw 3 of its levels.
You visited the Abyss 1 time.

You collected 63 gold pieces.

Inventory:

Hand Weapons
 a - a +1 dagger of venom (weapon)
 b - a +0 hunting sling
 h - a +0 dagger
Missiles
 d - 22 stones (quivered)
 g - 29 arrows
 p - 14 poisoned needles
Armour
 q - a +2 leather armour (worn)
Jewellery
 c - an amulet of faith (around neck)
Wands
 j - a wand of iceblast (6/15)
Potions
 e - a potion of resistance
 f - a potion of mutation
 i - 5 potions of blood


   Skills:
 - Level 2.6 Fighting
 - Level 0.7 Armour
 + Level 2.9 Dodging
 + Level 2.5 Stealth
 * Level 4.7 Unarmed Combat
 - Level 1.5 Invocations


You had 3 spell levels left.
You didn't know any spells.

Dungeon Overview and Level Annotations

Branches:
Dungeon (3/15)

Altars:

Annotations:
D:2 Robin, Sigmund
D:3 Grinder, Terence


Innate Abilities, Weirdness & Mutations

You have razor-sharp teeth.
You have supernaturally acute eyesight. (SInv)
You can survive without breathing.


Message History

Terence says, "Time to say good-bye..."
The orc shouts!
The orc misses you. Terence says, "Did you write a will?
You should..."
The orc hits you with a whip.
* * * LOW HITPOINT WARNING * * *
You take 4 damage, and have 3/34 hp.
There is a stone staircase leading down here.
There is a stone staircase leading up here.
The orc hits you but does no damage.
You climb upwards.
Level annotation: Robin, Sigmund
There is a stone staircase leading down here.
You barely miss the orc.
The orc is heavily wounded.
The orc hits you but does no damage.
You hit the orc but do no damage.
The orc is poisoned.
The orc is heavily wounded.
The orc hits you with a whip.
You die...

▒ ▒∙∙∙∙▒ ▒▒▒▒▒▒▒'▒▒
▒▒▒▒▒▒▒∙∙∙∙▒ ▒∙∙∙∙∙∙∙∙▒
'∙∙∙∙▒▒∙∙∙∙■ ■∙∙∙∙∙∙∙∙▒
▒▒▒▒∙▒▒∙∙∙∙▒▒▒∙∙∙∙∙∙∙∙▒
▒ ▒∙∙∙∙∙∙∙∙∙∙▒∙∙∙∙∙∙∙∙▒
▒ ▒▒▒▒▒▒▒▒▒▒∙▒∙∙∙∙∙∙∙∙▒
∙▒∙∙∙∙∙∙∙(▒ ▒∙o∙∙∙∙∙∙▒
▒∙∙@∙∙∙∙∙▒ ▒∙∙∙∙∙∙∙∙▒
▒∙∙∙∙∙∙∙∙▒ ▒▒▒
▒∙∙∙∙∙∙∙∙▒ ∙∙▒
▒▒■▒▒▒▒▒▒▒ ▒∙▒


You could see an orc.

Vanquished Creatures
  An orc priest (D:3)
  Ijyb (D:3)
  An adder (D:3)
  A gnoll (D:1)
  An orc (D:3)
  3 giant cockroaches
  11 goblins
  5 hobgoblins
  4 jackals (D:3)
  A ball python (D:2)
  2 bats (D:1)
  3 frilled lizards
  6 kobolds
  6 rats
46 creatures vanquished.

Notes
Turn   | Place    | Note
-------+----------+-------------------------------------------
     0 | Abyss:1  | yesno the Vampire Abyssal Knight began the quest for the Orb.
     0 | Abyss:1  | Reached XP level 1. HP: 17/17 MP: 2/2
     1 | D:1      | Escaped the Abyss
   509 | D:2      | Reached skill level 3 in Unarmed Combat
   521 | D:2      | Reached XP level 2. HP: 13/23 MP: 3/3
   546 | D:2      | Noticed Sigmund
   635 | D:2      | Reached * piety under Lugonu
   724 | D:1      | Reached skill level 1 in Stealth
   725 | D:1      | Reached XP level 3. HP: 21/28 MP: 4/4
  1027 | D:2      | Noticed Robin
  1379 | D:3      | Noticed Ijyb
  1513 | D:3      | Noticed Grinder
  1538 | D:3      | Reached skill level 4 in Unarmed Combat
  1611 | D:3      | Noticed Terence
  1965 | D:3      | Killed Ijyb
  1965 | D:3      | Reached XP level 4. HP: 31/34 MP: 5/5
  2030 | D:3      | Reached ** piety under Lugonu
  2082 | D:2      | Slain by an orc

Vault maps used:
D:1:      matt_arrival_grand_opening
D:2:      serial_bayou_lagoon_b, uniq_robin, uniq_sigmund
D:3:      gammafunk_wand_slinger, uniq_terence, uniq_ijyb, uniq_grinder

Skill      XL: |  1  2  3 |
---------------+----------+-----
Unarmed Combat | 3 4 |  4.7
Stealth        | 1 2 |  2.5
Fighting       | |  2.6
Armour         | |  0.7
Dodging        | |  2.9
Invocations    | |  1.5

Action                   |  1- 3 |  4- 6 || total
-------------------------+-------+-------++-------
Melee: Unarmed           |   145 |       ||   145
       Bite              |    13 |     3 ||    16
       Punch             |     4 |       ||     4
       Dagger            |    14 |    23 ||    37
 Fire: Hunting sling     |     5 |       ||     5
Throw: Stone             |    17 |       ||    17
Invok: Depart the Abyss  |     1 |       ||     1
 Abil: End Transformatio |     1 |       ||     1
       Bat Form          |     1 |       ||     1
  Use: Potion            |     8 |       ||     8
       Scroll            |    10 |     1 ||    11
 Stab: Sleeping          |     3 |       ||     3
Armor: Leather armour    |    30 |    12 ||    42
Dodge: Dodged            |    88 |    22 ||   110

Table legend:
 A = Spawn XP
 B = Non-spawn XP
 C = Spawn XP percentage of total XP
 D = Spawn monster count
 E = Non-spawn monster count
 F = Spawn count percentage of total count
 G = Total turns spent on level
                    A         B        C        D         E        F      G
               +---------+---------+-------+---------+---------+-------+---------
         Total |       0 |     169 |   0.0 |       0 |      46 |   0.0 |  2082
               +---------+---------+-------+---------+---------+-------+---------
           D:1 |       0 |      35 |   0.0 |       0 |      17 |   0.0 |   564
           D:2 |       0 |      22 |   0.0 |       0 |      14 |   0.0 |   802
           D:3 |       0 |     112 |   0.0 |       0 |      15 |   0.0 |   715
               +---------+---------+-------+---------+---------+-------+---------
